 Dungeon Crawl Stone Soup version 0.31.0-11-ge490571c62 (webtiles) character file.

Game seed: 1432990896422684144

203 Gadfly the Ruffian (level 5, -5/38 HPs)
             Began as a Demonspawn Shapeshifter on Jan 26, 2024.
             Slain by a gnoll
             ... wielding a +0 halberd
              (11 damage)
             ... on level 4 of the Dungeon.
             The game lasted 00:04:45 (2683 turns).

Gadfly the Ruffian (Demonspawn Shapeshifter)        Turns: 2683, Time: 00:04:45

Health: -5/38      AC:  4    Str: 16    XL:     5   Next: 51%
Magic:  5/5        EV: 13    Int: 10    God:
Gold:   308        SH:  0    Dex: 13    Spells: 4/4 levels left

rFire   . .          .
                       - Unarmed
rCold   . . .        (no shield)
rNeg    . . .        a - +0 animal skin
rPois   .            g - melded +0 helmet {SInv}
rElec   .            (cloak currently unavailable)
rCorr   .            (gloves currently unavailable)
SInv    .            j - melded +0 pair of boots
Will    +....        (no amulet)
Stlth   +            i - ring of willpower
HPRegen 0.26/turn    (no ring)
MPRegen 0.09/turn

%: no passive effects
@: beast-form
A: beast (slay +1), claws 1, icy blue scales 1, powered by death 1
a: Begin Untransformation


You were on level 4 of the Dungeon.
You were a hulking beast.
You visited 1 branch of the dungeon, and saw 4 of its levels.

You collected 308 gold pieces.

Inventory:

Hand Weapons
 b - a +1 mace of protection
Armour
 a - a +0 animal skin (worn)
 g - a +0 helmet of see invisible (melded)
 j - a +0 pair of boots (melded)
Jewellery
 i - a ring of willpower (left claw)
Talismans
 c - a beast talisman (active)
 d - a flux talisman
 m - a serpent talisman
Wands
 k - a wand of charming (8) (quivered)
Potions
 e - 2 potions of curing
 f - a potion of lignification
 h - 3 potions of degeneration {unknown}
 l - a potion of brilliance


   Skills:
 + Level 2.2 Fighting
 + Level 3.1 Dodging
 * Level 3.3 Unarmed Combat
 * Level 2.5 Evocations
 * Level 3.1 Shapeshifting


You had 4 spell levels left.
You didn't know any spells.
Your spell library contained the following spells:

 Spells                   Type           Power      Damage    Failure   Level
 Sting                    Conj/Alch      0%         1d3       36%         1
 Mercury Vapours          Alch/Air       0%         N/A       50%         2
 Scorch                   Fire           0%         2d5       50%         2
 Flame Wave               Conj/Fire      0%         2d4       98%         4
 Olgreb's Toxic Radiance  Alch           0%         N/A       98%         4
 Summon Cactus Giant      Summ           0%         N/A       100%        6


Dungeon Overview and Level Annotations

Branches:
Dungeon (4/15)
 Temple: D:4-7

Altars:


Innate Abilities, Weirdness & Mutations

You are a hulking beast.
Your limbs bulge with bestial killing power. (Slay +1)
You have sharp fingernails.
You are partially covered in icy blue scales. (AC +2)
You regenerate a little health from kills.


Message History

The gnoll is almost dead.
The gnoll hits you with a +0 spear.
You scratch the gnoll.
You kill the gnoll!
The gnoll barely misses you. The gnoll closely misses you.
The gnoll barely misses you.
You scratch the gnoll.
The gnoll is moderately wounded.
The gnoll hits you with a +0 halberd. The gnoll hits you with a +0 halberd!
You closely miss the gnoll.
The gnoll is moderately wounded.
The gnoll closely misses you. The gnoll barely misses you.
The gnoll closely misses you.
You closely miss the gnoll.
The gnoll is moderately wounded.
The gnoll closely misses you. x3
You barely miss the gnoll.
The gnoll is moderately wounded.
The gnoll barely misses you. The gnoll misses you. The gnoll barely misses you.
You scratch the gnoll.
The gnoll is severely wounded.
The gnoll misses you. The gnoll closely misses you. x2
You closely miss the gnoll.
The gnoll is severely wounded.
The gnoll misses you. x2; The gnoll barely misses you.
You barely miss the gnoll.
The gnoll is severely wounded.
The gnoll hits you with a +0 halberd! The gnoll closely misses you.
The gnoll hits you with a +0 club.
You are too injured to fight recklessly!
You are too injured to fight recklessly!
You are too injured to fight recklessly!
You are too injured to fight recklessly!
The gnoll hits you from afar with a +0 halberd!
* * * LOW HITPOINT WARNING * * *
The gnoll closely misses you. The gnoll barely misses you.
The gnoll attacks as it pursues you!
The gnoll hits you from afar with a +0 halberd!
You die...

...#...........
#...........#
##...........#
.............#.
####...g.......
#......g.......
#.....)g#######
#######.# .
#h#.# #.#.#####
.#######..=.....
.........#.#####
########.#.#
##### #.#.#
#...# #.#.#
#.#.#.# #.#.#
#.#.#.# #.#.#
#.#.#.#


You could see 3 gnolls.

Vanquished Creatures
  An orc priest (D:3)
  Terence (D:2)
  Robin (D:2)
  A gnoll (D:4)
  3 adders
  A dart slug (D:1)
  A ribbon worm (D:3)
  8 orcs (D:3)
  3 ball pythons
  3 endoplasms (D:2)
  3 giant cockroaches
  10 goblins
  8 hobgoblins
  10 jackals
  3 quokkas (D:3)
  4 bats
  5 frilled lizards
  6 kobolds
  17 rats
89 creatures vanquished.

Notes
Turn   | Place    | Note
-------+----------+-------------------------------------------
     0 | D:1      | Gadfly the Demonspawn Shapeshifter began the quest for the
                  | Orb.
     0 | D:1      | Reached XP level 1. HP: 15/15 MP: 1/1
    53 | D:1      | Found a faded altar of an unknown god.
   185 | D:1      | Gained mutation: You are partially covered in icy blue
                  | scales. (AC +2) [demonic ancestry]
   185 | D:1      | Reached XP level 2. HP: 21/21 MP: 2/2
   237 | D:1      | Reached skill level 1 in Evocations
   880 | D:2      | Gained mutation: You regenerate a little health from kills.
                  | [demonic ancestry]
   880 | D:2      | Reached XP level 3. HP: 10/26 MP: 3/3
   887 | D:2      | Noticed Robin
   901 | D:2      | Killed Robin
  1049 | D:2      | Noticed Terence
  1071 | D:2      | Killed Terence
  1072 | D:2      | Reached XP level 4. HP: 20/33 MP: 4/4
  2060 | D:3      | Gained mutation: You have sharp fingernails. [demonic
                  | ancestry]
  2060 | D:3      | Reached XP level 5. HP: 38/38 MP: 5/5
  2683 | D:4      | Slain by a gnoll

Illustrated notes

Levels and vault maps discovered:
D:1:      dpeg_arrival_another_circle, layout_basic,
          shapermc_ecumenical_altar_venn
D:2:      layout_loops_ring, minmay_rat_gold_closets, uniq_terence, uniq_robin
D:3:      layout_loops_ring, grunt_decor_clamped, chequers_avenue
D:4:      layout_basic, mainiacjoe_overflow_cross_hatched,
          regret_index_xom_buried_treasure

Skill      XL: |  1  2  3  4 |
---------------+-------------+-----
Dodging        | 2 3 |  3.1
Evocations     | 1 2 |  2.5
Unarmed Combat | 3 |  3.3
Shapeshifting  | 3 |  3.1
Fighting       | 2 |  2.2

Action                     |  1- 3 |  4- 6 || total
---------------------------+-------+-------++-------
  Melee: Unarmed           |    84 |   185 ||   269
         Mace              |    34 |       ||    34
         Punch             |     1 |     7 ||     8
Ability: Begin Untransform |     1 |     1 ||     2
    Use: Scroll            |       |     5 ||     5
   Stab: Sleeping          |       |     4 ||     4
 Armour: Animal skin       |    86 |    85 ||   171
  Dodge: Dodged            |   112 |   124 ||   236
   Form: Beast             |     1 |     1 ||     2
